 Dungeon Crawl Stone Soup version 0.26.1-2-gb8aa6d0cf2 (webtiles) character file.

Game seed: 1302548742281196833

2370 Gadfly the Cudgeller (level 9, -2/88 HPs)
             Began as a Troll Berserker on Mar 4, 2021.
             Was a High Priest of Trog.
             Slain by a killer bee (8 damage)
             ... on level 7 of the Dungeon.
             The game lasted 00:08:46 (5660 turns).

Gadfly the Cudgeller (Troll Berserker)              Turns: 5660, Time: 00:08:46

Health: -2/88      AC:  8    Str: 34      XL:     9   Next: 21%
Magic:  8/8        EV: 10    Int:  3      God:    Trog [*****.]
Gold:   561        SH:  5    Dex: 10 (11) Spells: 8/8 levels left

rFire    . . .     SeeInvis .   b - +0 hand axe (elec)
rCold    . . .     Faith    .   (no shield)
rNeg     . . .     Spirit   .   j - +0 animal skin
rPois    .         Reflect  +   (helmet restricted)
rElec    .         Harm     .   c - +1 cloak
rCorr    .         Rampage  .   (gloves unavailable)
Will     .....                  (boots unavailable)
Stlth    +.........             d - amulet of reflection (curse)
HPRegen  0.64/turn              p - +6 ring of strength
MPRegen  0.11/turn              (no ring)

@: lethally poisoned (-2 -> -3)
A: large, unfitting armour, claws 3, regeneration 1, shaggy fur 1, tough skin 3
a: Renounce Religion, Berserk, Trog's Hand, Brothers in Arms


You were on level 7 of the Dungeon.
You worshipped Trog.
Trog was extremely pleased with you.
You visited 1 branch of the dungeon, and saw 7 of its levels.
You also visited: Ossuary.

You collected 561 gold pieces.

Inventory:

Hand Weapons
 a - a +0 flail
 b - a +0 hand axe of electrocution (weapon)
 q - a +2 dagger of draining
Armour
 c - a +1 cloak (worn)
 j - a +0 animal skin (worn)
Jewellery
 d - a cursed amulet of reflection (around neck)
 p - a +6 ring of strength (left claw)
Wands
 g - a wand of acid (6) (quivered)
Scrolls
 i - 5 scrolls of teleportation
 k - 4 scrolls of remove curse
 l - 2 scrolls of identify
 m - 4 scrolls of magic mapping
 r - a scroll of fear
Potions
 e - 2 potions of curing
 f - a potion of flight
 h - 4 potions of haste
 n - a potion of lignification
 o - a potion of heal wounds
 t - a potion of attraction
 u - a potion of might
 v - a potion of cancellation


   Skills:
 + Level 5.0 Fighting
 * Level 5.8 Maces & Flails
 + Level 5.5 Armour
 - Level 2.4 Dodging
 + Level 5.0 Evocations


You had 8 spell levels left.
You didn't know any spells.
Your spell library was empty.

Dungeon Overview and Level Annotations

Branches:
Dungeon (7/15)            Ossuary (visited)
 Temple: D:4-7

Altars:
Cheibriados
Fedhas
The Shining One

Shops:
D:5 }   D:6 (


Innate Abilities, Weirdness & Mutations

You are too large for most types of armour.
You have claws for hands.
Your natural rate of healing is unusually fast.
You are covered in fur. (AC +1)
You have extremely tough skin. (AC +3)


Message History

You are more poisoned.
The killer bee poisons you!
You miss the killer bee.
You feel sick. The killer bee stings you.
* * * LOW HITPOINT WARNING * * *
The killer bee stings you!
* * * LOW HITPOINT WARNING * * *
The killer bee stings you.
* * * LOW HITPOINT WARNING * * *
You miss the killer bee.
* * * LOW HITPOINT WARNING * * *
You feel sick. The killer bee barely misses you.
The killer bee stings you but does no damage.
You feel better. The killer bee barely misses you. The killer bee stings you!
* * * LOW HITPOINT WARNING * * *
You are poisoned.
The killer bee poisons you!
You closely miss the killer bee.
You feel sick.
The centaur shouts!
The killer bee barely misses you. The killer bee stings you!
You die...

#.## #.##.##.#
#. #.......#
####.#### ## ##
#.# .. #.# #(#
. ## #.###.# #.
#.###....#
##.####.#.#####
#......y@##
#..#..####
..#.c...##
.........#
#.#.####.# ..$.
.# c.# ## ..


You could see a centaur and a killer bee.

Vanquished Creatures
  A two-headed ogre (D:5)
  Grinder (D:3)
  An ice beast (D:6)
  2 bullfrogs
  3 scorpions
  A killer bee (D:7)
  2 howler monkeys (D:5)
  A jelly (D:5)
  A quasit (D:7)
  7 orc wizards
  6 orc priests
  A gnoll shaman (D:6)
  A hound (D:6)
  A worker ant (D:4)
  A big kobold zombie (Ossuary)
  A hound skeleton (D:6)
  8 mummies (Ossuary)
  14 adders
  4 gnolls (D:6)
  A shadow imp (D:5)
  A white imp (D:4)
  An ufetubus (D:5)
  An ooze (D:4)
  An adder zombie (D:5)
  An adder skeleton (D:6)
  4 worms
  2 dart slugs (D:1)
  6 leopard geckos
  34 orcs
  5 giant cockroaches
  A gnoll zombie (Ossuary)
  6 goblins
  9 hobgoblins
  22 jackals
  6 kobolds
  3 quokkas
  2 ball pythons
  7 bats
  5 frilled lizards
  A giant cockroach zombie (D:6)
  2 hobgoblin zombies (Ossuary)
  A jackal skeleton (D:7)
  A kobold zombie (Ossuary)
  A leopard gecko skeleton (D:4)
  3 orc zombies (Ossuary)
  A quokka zombie (D:6)
  5 rats
190 creatures vanquished.

Notes
Turn   | Place    | Note
-------+----------+-------------------------------------------
     0 | D:1      | Gadfly the Troll Berserker began the quest for the Orb.
     0 | D:1      | Reached XP level 1. HP: 22/22 MP: 0/0
    81 | D:1      | Reached XP level 2. HP: 26/29 MP: 1/1
   357 | D:1      | Reached skill level 1 in Evocations
   411 | D:2      | Reached skill level 1 in Armour
   420 | D:1      | Reached XP level 3. HP: 28/36 MP: 2/2
   537 | D:2      | Reached ** piety under Trog
   571 | D:2      | Reached XP level 4. HP: 44/44 MP: 3/3
  1066 | D:2      | Found a blossoming altar of Fedhas.
  1066 | D:2      | Found a snail-covered altar of Cheibriados.
  1547 | D:3      | Reached XP level 5. HP: 46/52 MP: 4/4
  1811 | D:2      | Found a glowing golden altar of the Shining One.
  1863 | D:3      | Noticed Grinder
  1873 | D:3      | Paralysed by Grinder for 3 turns
  1882 | D:3      | Killed Grinder
  1883 | D:3      | Reached XP level 6. HP: 61/61 MP: 5/5
  2254 | D:3      | Reached *** piety under Trog
  2651 | D:4      | Reached XP level 7. HP: 31/67 MP: 6/6
  2933 | D:4      | Reached **** piety under Trog
  3184 | D:5      | Entered Level 5 of the Dungeon
  3296 | D:5      | Noticed a two-headed ogre
  3303 | D:5      | Killed a two-headed ogre
  3304 | D:5      | Reached skill level 5 in Armour
  3304 | D:5      | Reached XP level 8. HP: 79/79 MP: 7/7
  3418 | D:5      | Found Xoluih's Gadget Shop.
  3635 | D:5      | Reached skill level 5 in Maces & Flails
  4117 | D:6      | Found Tumu's Antique Weapon Boutique.
  4138 | D:6      | Found a sand-covered staircase.
  4143 | Ossuary  | Entered an ossuary
  4162 | Ossuary  | Reached ***** piety under Trog
  4505 | D:6      | Reached XP level 9. HP: 78/85 MP: 8/8
  5047 | D:6      | Reached skill level 5 in Evocations
  5631 | D:7      | Reached skill level 5 in Fighting
  5657 | D:7      | HP: 4/88 [killer bee (6)]
  5660 | D:7      | Slain by a killer bee

Illustrated notes

Levels and vault maps discovered:
D:1:      mushboom_english_gardens, layout_basic, minmay_misc_feat_pillars
D:2:      layout_loops_ring, nicolae_overflow_hidden_temple
D:3:      layout_loops_corners, uniq_grinder
D:4:      minmay_chambers_of_fours, layout_rooms
D:5:      layout_basic, serial_shops,
          nicolae_shop_temple_entry_statues_fountains
D:6:      layout_layer_cave, serial_shops, nicolae_shop_crystal, enter_ossuary_3
D:7:      layout_loops_corners, minmay_temple_entry_tees,
          grunt_decor_mini_mirrors, hangedman_abyss_or_decor_passed,
          uniq_duvessa

Skill      XL: |  1  2  3  4  5  6  7  8  9 |
---------------+----------------------------+-----
Evocations     | 1 2 3 4 5 |  5.0
Armour         | 1 2 3 5 |  5.5
Maces & Flails | 3 4 5 |  5.8
Fighting       | 3 4 5 |  5.0
Dodging        | |  2.4

Action                   |  1- 3 |  4- 6 |  7- 9 || total
-------------------------+-------+-------+-------++-------
Melee: Mace              |   107 |    58 |       ||   165
       Hand axe          |       |   151 |   275 ||   426
Invok: Berserk           |     2 |     2 |     2 ||     6
  Use: Scroll            |     5 |     5 |     8 ||    18
       Potion            |     1 |       |     3 ||     4
 Stab: Sleeping          |       |     1 |     1 ||     2
Armor: Animal skin       |    94 |    79 |   112 ||   285
Dodge: Dodged            |    99 |    95 |   127 ||   321
Block: Other             |       |    71 |    68 ||   139
       Reflection        |       |     2 |       ||     2
